 Dungeon Crawl Stone Soup version 0.29-a0-878-g7b45a56547 (webtiles) character file.

Game seed: 11191195373668360383

1917 Locuples the Cleaver (level 8, -24/71 HPs)
             Began as a Minotaur Fighter on July 20, 2022.
             Was an Initiate of the Shining One.
             Annihilated by a komodo dragon (30 damage)
             ... on level 6 of the Dungeon.
             The game lasted 00:08:47 (5921 turns).

Locuples the Cleaver (Minotaur Fighter)             Turns: 5921, Time: 00:08:48

Health: -24/71     AC:  8    Str: 23    XL:     8   Next: 95%
Magic:  7/7        EV: 11    Int:  5    God:    the Shining One [......]
Gold:   325        SH:  5    Dex: 10    Spells: 7/7 levels left

rFire   . . .      SeeInvis .   a - +0 war axe
rCold   . . .      Faith    .   c - +0 buckler
rNeg    . . .      Spirit   .   p - +1 ring mail {rPois}
rPois   +          Reflect  .   r - +1 hat
rElec   .          Harm     .   (no cloak)
rCorr   .          Rampage  .   (no gloves)
Will    .....                   (no boots)
Stlth   ..........              q - amulet of regeneration
HPRegen 1.01/turn               (no ring)
MPRegen 0.10/turn               (no ring)

@: glowing
A: horns 2, retaliatory headbutt
a: Renounce Religion


You were on level 6 of the Dungeon.
You worshipped the Shining One.
The Shining One was noncommittal.
You visited 2 branches of the dungeon, and saw 7 of its levels.

You collected 325 gold pieces.

Inventory:

Hand Weapons
 a - a +0 war axe (weapon)
Missiles
 b - 2 throwing nets (quivered)
Armour
 c - a +0 buckler (worn)
 p - a +1 ring mail of poison resistance (worn)
 r - a +1 hat (worn)
Jewellery
 q - an amulet of regeneration (around neck)
 s - an amulet of reflection
Wands
 e - a wand of acid (10)
 t - a wand of mindburst (11)
Scrolls
 g - 2 scrolls of magic mapping {unknown}
 h - a scroll of poison {unknown}
 i - 2 scrolls of teleportation {unknown}
 j - 2 scrolls of fog {unknown}
 m - 2 scrolls of enchant armour {unknown}
 o - a scroll of identify
Potions
 d - a potion of brilliance {unknown}
 f - 5 potions of curing
 k - a potion of ambrosia
 l - a potion of lignification {unknown}
 n - a potion of degeneration {unknown}


   Skills:
 + Level 6.6 Fighting
 + Level 9.3 Axes
 + Level 7.6 Armour
 + Level 3.6 Dodging
 + Level 5.7 Shields


You had 7 spell levels left.
You didn't know any spells.
Your spell library was empty.

Dungeon Overview and Level Annotations

Branches:
Dungeon (6/15)             Temple (1/1) D:6

Altars:
Ashenzari
Dithmenos
Hepliaklqana
Makhleb
Okawaru
Ru
Vehumet
Wu Jian
The Shining One

Shops:
D:5 [


Innate Abilities, Weirdness & Mutations

You have a pair of horns on your head.
You reflexively headbutt those who attack you in melee.


Message History

You slash the necrophage!
The necrophage is moderately damaged.
You block the necrophage's attack.
You slash the necrophage!
The necrophage is severely damaged.
The necrophage barely misses you.
You hit the necrophage but do no damage.
The necrophage is severely damaged.
The necrophage hits you.
You feel drained.
You slash the necrophage!
You destroy the necrophage!
The Shining One accepts your kill.
Your life force feels restored.
i - 2 scrolls labelled PUTOLO KECKYEF (gained 1)
You see here 6 stones.
There is a stone staircase leading down here.
A komodo dragon comes into view.
You barely miss the komodo dragon. The komodo dragon bites you!!
You slash the komodo dragon!
The komodo dragon is moderately wounded.
The komodo dragon barely misses you.
You slash the komodo dragon!
The komodo dragon is heavily wounded.
The komodo dragon bites you but does no damage.
You hit the komodo dragon.
You headbutt the komodo dragon, but do no damage.
The komodo dragon is severely wounded.
The komodo dragon bites you! The komodo dragon closely misses you.
You hit the komodo dragon but do no damage.
The komodo dragon is severely wounded.
The komodo dragon bites you!!
* * * LOW HITPOINT WARNING * * *
You barely miss the komodo dragon. You headbutt the komodo dragon!
The komodo dragon is almost dead.
The komodo dragon bites you!
* * * LOW HITPOINT WARNING * * *
You hit the komodo dragon.
The komodo dragon is almost dead.
The komodo dragon bites you!!
You die...

#.# #....#.#
#.#### #.#
######.##########
#.###
#...........
#...#
############
###.# #.# #.#
#####
#.#####......
#....@l......
#######......
..... .... ... ..
. ## #.


You could see a komodo dragon.

Vanquished Creatures
  Eustachio (D:5)
  Menkaure (D:5)
  Edmund (D:6)
  Duvessa (D:5)
  2 water moccasins
  3 ogres
  A necrophage (D:6)
  4 scorpions
  Dowan (D:5)
  4 hounds
  3 orc priests
  A jelly (D:6)
  2 gnoll boudas
  4 iguanas
  An orc wizard (D:5)
  9 gnolls (D:6)
  4 adders
  A worm (D:2)
  A dart slug (D:4)
  11 orcs
  6 ball pythons
  9 bats
  10 endoplasms
  2 giant cockroaches (D:3)
  8 goblins
  4 hobgoblins
  3 quokkas
  3 training dummies (D:5)
  2 frilled lizards
  11 kobolds
  5 rats
119 creatures vanquished.

Vanquished Creatures (others)
  3 plants (D:5)
3 creatures vanquished.

Grand Total: 122 creatures vanquished

Notes
Turn   | Place    | Note
-------+----------+-------------------------------------------
     0 | D:1      | Locuples the Minotaur Fighter began the quest for the Orb.
     0 | D:1      | Reached XP level 1. HP: 19/19 MP: 0/0
   260 | D:1      | Reached XP level 2. HP: 24/27 MP: 1/1
   623 | D:1      | You fall into a shaft and drop 1 floor!
   641 | D:2      | Found a faded altar of an unknown god.
   666 | D:2      | Reached XP level 3. HP: 29/33 MP: 2/2
   787 | D:2      | Reached skill level 3 in Axes
   787 | D:2      | Reached XP level 4. HP: 40/41 MP: 3/3
   794 | D:2      | Reached skill level 1 in Dodging
  1053 | D:2      | Reached skill level 4 in Axes
  1205 | D:2      | Reached XP level 5. HP: 44/47 MP: 4/4
  2686 | D:4      | Noticed an ogre
  2693 | D:4      | Killed an ogre
  2694 | D:4      | Reached skill level 5 in Axes
  2694 | D:4      | Reached skill level 5 in Armour
  2694 | D:4      | Reached XP level 6. HP: 21/55 MP: 5/5
  3408 | D:4      | Reached skill level 5 in Fighting
  3750 | D:5      | Entered Level 5 of the Dungeon
  3791 | D:5      | Noticed Duvessa
  3794 | D:5      | Noticed Dowan
  3796 | D:5      | Noticed Menkaure
  3806 | D:5      | Killed Menkaure
  3807 | D:5      | Reached skill level 6 in Axes
  3807 | D:5      | Reached XP level 7. HP: 31/61 MP: 6/6
  3808 | D:5      | Killed Dowan
  3809 | D:5      | Killed Duvessa
  4009 | D:5      | Noticed Eustachio
  4101 | D:5      | Killed Eustachio
  4102 | D:5      | Reached skill level 7 in Axes
  4102 | D:5      | Reached skill level 5 in Shields
  4210 | D:5      | Found Kic Ufor's Antique Armour Shop.
  4346 | D:5      | Reached XP level 8. HP: 54/70 MP: 7/7
  4578 | D:5      | Found Joumpeom's Firing Range.
  5099 | D:6      | Reached skill level 8 in Axes
  5224 | D:6      | Found a staircase to the Ecumenical Temple.
  5250 | Temple   | Entered the Ecumenical Temple
  5261 | Temple   | Became a worshipper of the Shining One
  5331 | D:6      | Noticed Edmund
  5348 | D:6      | Killed Edmund
  5398 | D:6      | Found a broken altar of Ashenzari.
  5398 | D:6      | Found an iron altar of Okawaru.
  5454 | D:6      | Reached skill level 9 in Axes
  5912 | D:6      | Noticed a komodo dragon
  5921 | D:6      | Annihilated by a komodo dragon

Illustrated notes

Levels and vault maps discovered:
D:1:      ebering_trefoil_3fold, layout_loops_ring, kennysheep_small_spiral,
          serial_park_tiny_1
D:2:      layout_loops_ring, hellmonk_ecumenical_altar_zigzags
D:3:      layout_loops_corners
D:4:      layout_basic, minmay_quantized, uniq_sigmund
D:5:      layout_loops_corners, grunt_ministairs_10, st_stairs_3,
          nicolae_take_the_stairs, serial_bayou_pond_e,
          nicolae_shop_firing_range, uniq_eustachio, uniq_duvessa, uniq_menkaure
D:6:      layout_basic, gammafunk_temple_overflow_wave,
          minmay_temple_entry_trees, ebering_dispersal_statue_hall, uniq_edmund
Temple:   nicolae_temple_bog_church

Skill      XL: |  1  2  3  4  5  6  7  8 |
---------------+-------------------------+-----
Fighting       | 4 5 6 |  6.6
Shields        | 4 5 |  5.7
Armour         | 4 5 6 7 |  7.6
Axes           | 3 4 5 6 7 9 |  9.3
Dodging        | 1 2 3 |  3.6

Action                   |  1- 3 |  4- 6 |  7- 9 || total
-------------------------+-------+-------+-------++-------
Melee: War axe           |    52 |    99 |   203 ||   354
       Headbutt          |     5 |    18 |    25 ||    48
  Use: Scroll            |       |     2 |       ||     2
       Potion            |       |     4 |     1 ||     5
Armor: Scale mail        |    34 |    27 |       ||    61
       Ring mail         |       |       |   105 ||   105
Dodge: Dodged            |    30 |    43 |   134 ||   207
Block: Buckler           |    16 |    26 |    52 ||    94

Table legend: (Time is in decaauts)
 A = Elapsed time spent in this place.
 B = Non-inter-level travel time spent in this place.
 C = Inter-level travel time spent in this place.
 D = Time resting spent in this place.
 E = Time spent auto-exploring this place.
 F = Levels seen in this place.
 G = Mean time per level.
                   A        B        C        D        E       F      G
               +--------+--------+--------+--------+--------+-----+--------+
         Total |   6010 |   6010 |      0 |    665 |   4138 |   7 |  858.6 |
       Dungeon |   5984 |   5984 |      0 |    665 |   4138 |   6 |  997.3 |
        Temple |     25 |     25 |      0 |      0 |      0 |   1 |   25.0 |
               +--------+--------+--------+--------+--------+-----+--------+

Top non-repeatable levels by time:
     D:5: 1265 daAuts
     D:4: 1214 daAuts
     D:3: 1043 daAuts
     D:6: 918 daAuts
     D:2: 902 daAuts
     D:1: 640 daAuts
  Temple: 25 daAuts
